 Dungeon Crawl Stone Soup version 0.29-a0-19-gef7f3e67aa (webtiles) character file.

Game seed: 3075044612161127961

1654 Gargoyl the Skirmisher (level 9, -1/72 HPs)
             Began as a Gnoll Abyssal Knight on Jan 29, 2022.
             Was a Believer of Lugonu.
             Succumbed to a killer bee's poison
             ... on level 6 of the Dungeon.
             The game lasted 00:08:27 (8016 turns).

Gargoyl the Skirmisher (Gnoll Abyssal Knight)       Turns: 8016, Time: 00:08:27

Health: -1/72      AC: 14    Str: 17    XL:     9   Next: 0%
Magic:  14/14      EV:  7    Int: 10    God:    Lugonu [**....]
Gold:   252        SH:  8    Dex: 12    Spells: 15/15 levels left

rFire   . . .      SeeInvis .   i - +1 falchion (flame)
rCold   . . .      Faith    .   f - +0 kite shield
rNeg    . . .      Spirit   .   p - +0 chain mail
rPois   .          Reflect  .   c - +2 helmet
rElec   .          Harm     .   j - +0 cloak
rCorr   .          Rampage  .   (no gloves)
Will    .....                   (no boots)
Stlth   ..........              (no amulet)
HPRegen 0.22/turn               (no ring)
MPRegen 0.14/turn               (no ring)

@: lethally poisoned (-1 -> -18)
A: fangs 1, strong nose, distributed training
a: Renounce Religion, Depart the Abyss, Bend Space


You were on level 6 of the Dungeon.
You worshipped Lugonu.
Lugonu was pleased with you.
You visited 1 branch of the dungeon, and saw 6 of its levels.
You visited the Abyss 1 time.
You also visited: Ossuary.

You collected 595 gold pieces.
You spent 343 gold pieces at shops.

Inventory:

Hand Weapons
 a - a +1 hand axe
 i - a +1 falchion of flaming (weapon)
Armour
 c - a +2 helmet (worn)
 f - a +0 kite shield (worn)
 j - a +0 cloak (worn)
 p - a +0 chain mail (worn)
Wands
 h - a wand of flame (6)
 l - a wand of paralysis (14)
Scrolls
 d - 11 scrolls of teleportation
 q - a scroll of magic mapping {unknown}
Potions
 e - a potion of flight {unknown}
 g - 5 potions of curing
 k - 4 potions of heal wounds
 m - a potion of haste {unknown}
 n - a potion of magic {unknown}
 o - a potion of might {unknown}


   Skills:
 + Level 7.6 Fighting
 + Level 3.7 Short Blades
 + Level 3.7 Long Blades
 + Level 6.0 Axes
 + Level 3.7 Maces & Flails
 + Level 3.7 Polearms
 + Level 3.7 Staves
 + Level 3.7 Slings
 + Level 3.7 Bows
 + Level 3.7 Crossbows
 + Level 3.7 Throwing
 + Level 6.0 Armour
 + Level 4.6 Dodging
 + Level 3.7 Stealth
 + Level 3.7 Shields
 + Level 3.7 Unarmed Combat
 + Level 3.7 Spellcasting
 + Level 3.1 Conjurations
 + Level 3.1 Hexes
 + Level 3.1 Summonings
 + Level 3.1 Necromancy
 + Level 3.1 Translocations
 + Level 3.1 Transmutations
 + Level 3.1 Fire Magic
 + Level 3.1 Ice Magic
 + Level 3.1 Air Magic
 + Level 3.1 Earth Magic
 + Level 3.1 Poison Magic
 + Level 6.2 Invocations
 + Level 3.7 Evocations


You had 15 spell levels left.
You didn't know any spells.
Your spell library contained the following spells:

 Spells                   Type           Power      Damage    Failure   Level
 Magic Dart               Conj           32%        1d4       95%         1
 Call Imp                 Summ           8%         N/A       99%         2
 Sublimation of Blood     Necr           8%         N/A       99%         2
 Wereblood                Tmut           8%         N/A       99%         2
 Mephitic Cloud           Conj/Pois/Air  8%         N/A       100%        3
 Summon Hydra             Summ           4%         N/A       100%        7


Dungeon Overview and Level Annotations

Branches:
Dungeon (6/15)             Temple (0/1) D:4         Ossuary (visited)

Altars:
Dithmenos
Gozag
Okawaru
Vehumet
Xom
Yredelemnul
Zin

Shops:
D:1 ((![*   D:2 !   D:5 !

Annotations:
D:4 brandma555's ghost, novice TrBe


Innate Abilities, Weirdness & Mutations

You have very sharp teeth.
Your uncanny sense of smell can sniff out nearby items.
Your experience applies equally to all skills.


Message History

The killer bee stings you but does no damage. x2
You miss the killer bee. You bite the killer bee.
The killer bee is heavily wounded.
You block the killer bee's attack. x2
The killer bee stings you but does no damage.
You hit the killer bee. You burn the killer bee.
You kill the killer bee!
Lugonu accepts your kill. The killer bee closely misses you.
Your Axes skill increases to level 6!
Your Armour skill increases to level 6!
You slash the killer bee! You burn the killer bee.
You kill the killer bee!
Lugonu accepts your kill. The killer bee stings you.
* * * LOW HITPOINT WARNING * * *
You are poisoned.
The killer bee poisons you!
You have reached level 9!
Your experience leads to an increase in your attributes!
Increase (S)trength, (I)ntelligence, or (D)exterity?
You feel stronger. x2
You barely miss the killer bee.
You feel sick.
The killer bee stings you but does no damage. x3
Unknown command.
You miss the killer bee.
You feel sick.
The killer bee stings you but does no damage.
The killer bee stings you.
* * * LOW HITPOINT WARNING * * *
You are lethally poisoned!
The killer bee poisons you! You block the killer bee's attack.
You miss the killer bee.
* * * LOW HITPOINT WARNING * * *
You feel very sick. The killer bee stings you.
* * * LOW HITPOINT WARNING * * *
You are more poisoned.
The killer bee poisons you! You block the killer bee's attack.
You hit the killer bee. You burn the killer bee.
The killer bee is heavily wounded.
You die...

.. # ...# .#. ..
##.# #..# #Z# #y#
###@# ##...# #
#..###....
#########.........
#.........####....
#........## ..
#.......##
#......<#
#.......#


You could see a killer bee and a water moccasin zombie.

Vanquished Creatures
  Grinder (D:5)
  Sigmund (D:4)
  Edmund (D:4)
  An orc warrior (D:4)
  A necrophage (D:4)
  An ogre (D:5)
  Blork the orc (D:5)
  A scorpion (D:4)
  A water moccasin skeleton (D:4)
  3 killer bees (D:6)
  A wight (D:4)
  A centaur zombie (D:5)
  4 human zombies (Ossuary)
  Crazy Yiuf (D:3)
  3 iguanas (D:5)
  A hound zombie (Ossuary)
  A hound skeleton (D:4)
  4 mummies (Ossuary)
  4 gnolls
  A howler monkey skeleton (D:5)
  11 adders
  A white imp (D:5)
  2 adder zombies (Ossuary)
  2 worms
  2 dart slugs
  3 orcs
  4 endoplasms (D:2)
  8 goblins
  6 hobgoblins
  5 kobolds
  3 quokkas
  3 ball pythons
  6 bats
  A frilled lizard (D:2)
  2 jackal zombies (Ossuary)
  A kobold zombie (Ossuary)
  An orc zombie (Ossuary)
  5 rats
  A rat zombie (Ossuary)
100 creatures vanquished.

Vanquished Creatures (others)
  A fungus (D:5)
  4 toadstools (D:5)
5 creatures vanquished.

Grand Total: 105 creatures vanquished

Notes
Turn   | Place    | Note
-------+----------+-------------------------------------------
     0 | Abyss:1  | Gargoyl the Gnoll Abyssal Knight began the quest for the
                  | Orb.
     0 | Abyss:1  | Reached XP level 1. HP: 23/23 MP: 3/3
    59 | Abyss:1  | Found a corrupted altar of Lugonu.
    68 | Abyss:1  | Noticed a profane servitor
    69 | D:1      | Escaped the Abyss
   207 | D:1      | Found Vuwn's Distillery.
   207 | D:1      | Found Igaimu's Antique Weapon Shoppe.
   249 | D:1      | Found Upoxohal's Armour Shop.
   255 | D:1      | Reached XP level 2. HP: 29/29 MP: 5/5
   317 | D:1      | Reached * piety under Lugonu
   733 | D:1      | Found Icwauth's Assorted Antiques.
   796 | D:1      | Found Jiof's Weapon Emporium.
  1124 | D:2      | Reached XP level 3. HP: 35/35 MP: 6/6
  1135 | D:2      | Found Roahenoz's Distillery.
  1301 | D:2      | Found a faded altar of an unknown god.
  1367 | D:1      | Bought a +0 kite shield for 49 gold pieces
  1964 | D:2      | Reached skill level 1 in Short Blades
  1964 | D:2      | Reached skill level 1 in Long Blades
  1964 | D:2      | Reached skill level 1 in Maces & Flails
  1964 | D:2      | Reached skill level 1 in Polearms
  1964 | D:2      | Reached skill level 1 in Staves
  1964 | D:2      | Reached skill level 1 in Slings
  1964 | D:2      | Reached skill level 1 in Bows
  1964 | D:2      | Reached skill level 1 in Crossbows
  1964 | D:2      | Reached skill level 1 in Throwing
  1964 | D:2      | Reached skill level 1 in Stealth
  1964 | D:2      | Reached skill level 1 in Shields
  1964 | D:2      | Reached skill level 1 in Unarmed Combat
  1964 | D:2      | Reached skill level 1 in Spellcasting
  1964 | D:2      | Reached skill level 1 in Evocations
  2013 | D:1      | Bought a +1 falchion of flaming for 124 gold pieces
  2171 | D:2      | Reached XP level 4. HP: 41/41 MP: 7/7
  2912 | D:3      | Reached skill level 1 in Conjurations
  2912 | D:3      | Reached skill level 1 in Hexes
  2912 | D:3      | Reached skill level 1 in Summonings
  2912 | D:3      | Reached skill level 1 in Necromancy
  2912 | D:3      | Reached skill level 1 in Translocations
  2912 | D:3      | Reached skill level 1 in Transmutations
  2912 | D:3      | Reached skill level 1 in Fire Magic
  2912 | D:3      | Reached skill level 1 in Ice Magic
  2912 | D:3      | Reached skill level 1 in Air Magic
  2912 | D:3      | Reached skill level 1 in Earth Magic
  2912 | D:3      | Reached skill level 1 in Poison Magic
  3144 | D:3      | Found an iron altar of Okawaru.
  3238 | D:3      | Reached XP level 5. HP: 47/47 MP: 8/8
  3481 | D:3      | Found a runed translucent door.
  3482 | D:3      | Noticed Crazy Yiuf
  3819 | D:3      | Killed Crazy Yiuf
  4115 | D:4      | Reached skill level 5 in Invocations
  4285 | D:4      | Reached XP level 6. HP: 53/53 MP: 9/9
  4395 | D:4      | Found a sand-covered staircase.
  4400 | Ossuary  | Entered an ossuary
  4431 | Ossuary  | Reached skill level 5 in Axes
  4431 | Ossuary  | Reached skill level 5 in Armour
  4899 | Ossuary  | Reached XP level 7. HP: 43/59 MP: 10/10
  5042 | D:4      | Found a staircase to the Ecumenical Temple.
  5064 | D:4      | Reached skill level 7 in Fighting
  5238 | D:4      | Reached ** piety under Lugonu
  5379 | D:4      | Noticed Edmund
  5388 | D:4      | Killed Edmund
  5401 | D:4      | Noticed Sigmund
  5408 | D:4      | Killed Sigmund
  5568 | D:4      | Found a basalt altar of Yredelemnul.
  5694 | D:5      | Entered Level 5 of the Dungeon
  5701 | D:5      | Found an opulent altar of Gozag.
  5732 | D:4      | Reached XP level 8. HP: 18/67 MP: 12/12
  6405 | D:5      | Found Femeov's Distillery.
  6410 | D:5      | Bought a potion of heal wounds for 50 gold pieces
  6410 | D:5      | Bought a potion of curing for 30 gold pieces
  6410 | D:5      | Bought a potion of curing for 30 gold pieces
  6410 | D:5      | Bought 2 potions of curing for 60 gold pieces
  6669 | D:5      | Noticed Blork the orc
  6682 | D:5      | Killed Blork the orc
  6780 | D:5      | Noticed Grinder
  6833 | D:5      | Killed Grinder
  6998 | D:5      | Found a runed translucent gate.
  6999 | D:5      | Found a runed translucent gate.
  6999 | D:5      | Found an opulent altar of Gozag.
  7000 | D:5      | Found a runed translucent gate.
  7001 | D:5      | Noticed brandma555's ghost (novice TrBe)
  7146 | D:5      | Found a shimmering altar of Xom.
  7152 | D:5      | Found a shimmering altar of Xom.
  7154 | D:5      | Found a shimmering altar of Xom.
  7155 | D:5      | Found a shimmering altar of Xom.
  7157 | D:5      | Found a shimmering altar of Xom.
  7313 | D:5      | Found a shadowy altar of Dithmenos.
  7316 | D:5      | Found a radiant altar of Vehumet.
  7319 | D:5      | Found a glowing silver altar of Zin.
  8013 | D:6      | Reached XP level 9. HP: 20/72 MP: 14/14
  8016 | D:6      | Succumbed to a killer bee's poison

Illustrated notes

Levels and vault maps discovered:
D:1:      kennysheep_arrival_seaside, layout_rooms, serial_shops,
          nicolae_shop_waterfront, nicolae_shop_trees, shop,
          nicolae_shop_hallway_stairs, nicolae_shop_hallway_plus
D:2:      layout_basic, ebering_ecumenical_altar_abandoned, serial_shops,
          shop_coins, minivault_19, kennysheep_minor_cross
D:3:      layout_loops_ring, kennysheep_okawaru_gauntlet,
          uniq_crazy_yiuf_cottage
D:4:      layout_cave_pods, kennysheep_mini_moat, minmay_temple_entry_ruins,
          nicolae_ossuary_entry_false_entrances, sigmund_edmund_badplayer
D:5:      layout_cave_pools, mainiacjoe_overflow_chevrons,
          grunt_temple_overflow_diamond, xom_redecorated, ebering_ghost_gozag,
          serial_shops, nicolae_shop_stone, kennysheep_donut,
          minmay_gold_behind_fungi, uniq_blork_the_orc, uniq_grinder
D:6:      layout_rooms, overflow_temple_1_default, uniq_eustachio

Skill      XL: |  1  2  3  4  5  6  7  8 |
---------------+-------------------------+-----
Short Blades   | 1 2 3 |  3.7
Long Blades    | 1 2 3 |  3.7
Maces & Flails | 1 2 3 |  3.7
Polearms       | 1 2 3 |  3.7
Staves         | 1 2 3 |  3.7
Slings         | 1 2 3 |  3.7
Bows           | 1 2 3 |  3.7
Crossbows      | 1 2 3 |  3.7
Throwing       | 1 2 3 |  3.7
Stealth        | 1 2 3 |  3.7
Shields        | 1 2 3 |  3.7
Unarmed Combat | 1 2 3 |  3.7
Spellcasting   | 1 2 3 |  3.7
Evocations     | 1 2 3 |  3.7
Conjurations   | 1 2 3 |  3.1
Hexes          | 1 2 3 |  3.1
Summonings     | 1 2 3 |  3.1
Necromancy     | 1 2 3 |  3.1
Translocations | 1 2 3 |  3.1
Transmutations | 1 2 3 |  3.1
Fire Magic     | 1 2 3 |  3.1
Ice Magic      | 1 2 3 |  3.1
Air Magic      | 1 2 3 |  3.1
Earth Magic    | 1 2 3 |  3.1
Poison Magic   | 1 2 3 |  3.1
Dodging        | 3 4 |  4.6
Invocations    | 5 6 |  6.2
Axes           | 5 6 |  6.0
Armour         | 5 6 |  6.0
Fighting       | 7 |  7.6

Action                   |  1- 3 |  4- 6 |  7- 9 || total
-------------------------+-------+-------+-------++-------
Melee: Hand axe          |   101 |    39 |       ||   140
       Bite              |    16 |    18 |    29 ||    63
       Punch             |     1 |       |       ||     1
       Falchion          |     5 |   104 |   189 ||   298
Invok: Depart the Abyss  |     1 |       |       ||     1
       Bend Space        |       |       |     1 ||     1
Evoke: Wand              |       |       |     9 ||     9
  Use: Scroll            |     1 |     5 |     2 ||     8
       Potion            |       |     1 |     1 ||     2
 Stab: Paralysed         |       |       |    19 ||    19
Armor: Leather armour    |    16 |       |       ||    16
       Ring mail         |    54 |    97 |     6 ||   157
       Skin              |       |    44 |       ||    44
       Chain mail        |       |       |    98 ||    98
Dodge: Dodged            |    61 |    88 |    63 ||   212
Block: Kite shield       |    11 |    76 |    77 ||   164

Table legend: (Time is in decaauts)
 A = Elapsed time spent in this place.
 B = Non-inter-level travel time spent in this place.
 C = Inter-level travel time spent in this place.
 D = Time resting spent in this place.
 E = Time spent auto-exploring this place.
 F = Levels seen in this place.
 G = Mean time per level.
                   A        B        C        D        E       F      G
               +--------+--------+--------+--------+--------+-----+--------+
         Total |   8160 |   7800 |    360 |   1693 |   4727 |   8 | 1020.0 |
       Dungeon |   7459 |   7099 |    360 |   1437 |   4400 |   6 | 1243.2 |
         Abyss |     69 |     69 |      0 |      0 |     67 |   1 |   69.0 |
       Ossuary |    631 |    631 |      0 |    256 |    260 |   1 |  631.0 |
               +--------+--------+--------+--------+--------+-----+--------+

Top non-repeatable levels by time:
     D:4: 1742 daAuts
     D:2: 1726 daAuts
     D:3: 1519 daAuts
     D:5: 1274 daAuts
     D:1: 1133 daAuts
 Ossuary: 631 daAuts
 Abyss:1: 69 daAuts
     D:6: 63 daAuts
